 Dungeon Crawl Stone Soup version 0.30-a0-793-g160f7cfddd (webtiles) character file.

Game seed: 14919139837971022448

10522 holysushi the Nimble (level 11, -5/67 HPs)
             Began as an Octopode Monk on Feb 19, 2023.
             Was an Initiate of Gozag.
             Slain by a pharaoh ant (21 damage)
             ... on level 2 of the Lair of Beasts.
             The game lasted 00:16:49 (9975 turns).

holysushi the Nimble (Octopode Monk)                Turns: 9975, Time: 00:16:49

Health: -5/67      AC:  1    Str: 10    XL:     11   Next: 63%
Magic:  11/11      EV: 21    Int: 14    God:    Gozag
Gold:   931        SH:  6    Dex: 18    Spells: 10/10 levels left

rFire   + . .      SeeInvis .    O - +4 quick blade (elec)
rCold   . . .      Faith    .    I - +2 buckler of Hairiness {rPois Slay+3 Stlth+}
rNeg    . . .      Spirit   .    (helmet restricted)
rPois   +          Reflect  .    z - amulet of regeneration
rElec   .          Harm     .    w - ring of protection from fire
rCorr   .          Rampage  .    (no ring)
Will    .....                    (no ring)
Stlth   +++++++                  (no ring)
HPRegen 1.11/turn                (no ring)
MPRegen 0.12/turn                (no ring)
                                 (no ring)
                                 (no ring)

@: lethally poisoned (-5 -> -7), gold aura
A: almost no armour, amphibious, 8 rings, camouflage 1, gelatinous body 1,
(nimble swimmer 1), tentacles
a: Renounce Religion, Potion Petition, Call Merchant, Bribe Branch


You were on level 2 of the Lair of Beasts.
You worshipped Gozag.
Gozag was pleased with you.
You visited 3 branches of the dungeon, and saw 12 of its levels.
You also visited: Sewer and Ossuary.

You collected 1509 gold pieces.
You spent 159 gold pieces at shops.
You paid 419 gold pieces to Gozag.

Inventory:

Hand Weapons
 a - a +0 short sword
 o - a +5 dagger of speed
 B - a +2 dagger of venom
 C - a +0 rapier
 O - a +4 quick blade of electrocution (weapon)
Armour
 I - the +2 buckler of Hairiness (worn) {rPois Slay+3 Stlth+}
   (You acquired it on level 8 of the Dungeon)

   Slay:      It affects your accuracy & damage with ranged weapons and melee
   (+3).
   rPois:     It protects you from poison.
   Stlth:     It makes you more stealthy.
Jewellery
 w - a ring of protection from fire (left tentacle)
 y - a ring of fire
 z - an amulet of regeneration (around mantle)
Wands
 n - a wand of iceblast (5)
 F - a wand of flame (15)
 G - a wand of paralysis (3)
 K - a wand of digging (5)
Scrolls
 c - 2 scrolls of teleportation
 h - 3 scrolls of immolation
 i - 4 scrolls of poison
 j - a scroll of magic mapping {unknown}
 q - 6 scrolls of noise
 x - 5 scrolls of fear
 A - 2 scrolls of identify
 E - a scroll of butterflies
 H - 2 scrolls of blinking
 J - 2 scrolls of brand weapon {unknown}
 L - a scroll of amnesia
 M - a scroll of fog
 P - a scroll of torment {unknown}
Potions
 b - a potion of ambrosia
 d - a potion of resistance
 e - 2 potions of curing
 f - 3 potions of berserk rage
 g - 3 potions of lignification
 k - 2 potions of might
 l - 6 potions of flight
 m - a potion of magic {unknown}
 p - 2 potions of mutation {unknown}
 s - 2 potions of invisibility {unknown}
 t - 2 potions of haste
 u - 6 potions of brilliance {unknown}
 v - 5 potions of heal wounds
 D - a potion of attraction {unknown}
 N - a potion of cancellation {unknown}


   Skills:
 + Level 3.2 Fighting
 - Level 10.0 Short Blades
 + Level 13.5 Dodging
 - Level 10.0 Stealth
 - Level 0.5 Shields
 - Level 4.0 Evocations


You had 10 spell levels left.
You didn't know any spells.
Your spell library contained the following spells:

 Spells                   Type           Power      Damage    Failure   Level
 Freeze                   Ice            0%         1d3       36%         1
 Summon Small Mammal      Summ           0%         N/A       36%         1
 Call Canine Familiar     Summ           0%         N/A       75%         3
 Frozen Ramparts          Ice            0%         1d1       75%         3
 Hailstorm                Conj/Ice       0%         3d3       75%         3
 Summon Guardian Golem    Hex/Summ       0%         N/A       75%         3
 Summon Forest            Summ/Tloc      0%         N/A       100%        5
 Eringya's Noxious Bog    Tmut/Pois      0%         N/A       100%        6
 Summon Hydra             Summ           0%         N/A       100%        7


Dungeon Overview and Level Annotations

Branches:
Dungeon (9/15) Zot: 26405  Temple (1/1) D:6 Zot: 5778    Lair (2/5) D:8 Zot: 11139
 Spider (0/4) Lair:2        Sewer (visited)         Ossuary (visited)
  Swamp: Lair:2-3    Shoals: Lair:2-3       Orc: D:9-12

Altars:
Cheibriados
Dithmenos
Elyvilon
Fedhas
Gozag
Hepliaklqana
Kikubaaqudgha
Makhleb
Nemelex Xobeh
Okawaru
Qazlal
Ru
Sif Muna
Trog
Vehumet
Xom
Yredelemnul
The Shining One

Shops:
D:3 *[!(   D:7 =   D:8 *   Lair:1 !

Annotations:
D:4 1 exclusion
D:5 2 transporters, Cyan's ghost, novice AtBe
Lair:1 2 transporters, Zvl3's ghost, journeyman TeAE


Innate Abilities, Weirdness & Mutations

You cannot wear most types of armour.
You are amphibious.
You can wear up to eight rings at the same time.
Your skin changes colour to match your surroundings (Stealth+).
Your rubbery body absorbs attacks. (AC +1, EV +1)
((You are camouflaged when in or above water. (Stealth+)))
You have tentacles for arms and can constrict up to eight enemies at once.


Message History

There are monsters nearby!
A pharaoh ant and a wyvern come into view.
Found a hole to the Spider Nest.
The redback completely misses you.
You puncture the redback! You grab the redback. You squeeze the redback!
The redback is heavily wounded.
You constrict the redback. The redback bites you!
You are poisoned.
The redback poisons you!
The wyvern hisses angrily.
You barely miss the redback.
The redback is heavily wounded.
You constrict the redback.
You feel very sick.
You hear a faint skittering sound.
You hit the redback. Lightning courses through the redback!
You kill the redback!
You feel very sick.
You feel extremely sick.
You feel extremely sick.
You feel very sick.
Okay, then.
Aiming: Mindburst
Press: ? - help, Shift-Dir - straight line, f - wyvern
Aim: a wyvern (chance to affect: 79%)
The wyvern's mind is blasted!!
You feel very sick.
You hear a faint skittering sound.
The wyvern completely misses you.
Aiming: Mindburst
Press: ? - help, Shift-Dir - straight line, f/p - wyvern
Aim: a wyvern (severely wounded, chance to affect: 79%)
The wyvern's mind is blasted!
You blow up the wyvern!
The now-empty wand crumbles to dust.
You feel very sick.
You feel very sick.
The pharaoh ant attacks as you move away!
The pharaoh ant bites you!!
You die...
Your body crumbles into a pile of gold.

..#..##..###P##..........
.........................
.........................
#..#P...............#..#P #
###.$$.............#####.
.P#.#.#..............P.#..#
.........$$.....<..........
...........................
.####...B@.###............
#..##### #............ #..#
##............
....$...$.l................
...........................
..###.##..###..#...........
. .. B.. .. #...........
..s ...#. #........... ....
.... .............


You could see a pharaoh ant.

Vanquished Creatures
  2 two-headed ogres (D:9)
  A black mamba (Lair:1)
  2 cane toads
  A komodo dragon (Lair:1)
  A polar bear (Lair:1)
  3 blink frogs (Lair:1)
  Sigmund (D:3)
  12 yaks
  A wyvern (Lair:2)
  A redback (Lair:2)
  Menkaure (D:5)
  13 water moccasins
  Pargi (Sewer)
  An orc warrior (D:9)
  2 black bears
  3 ice beasts
  An ogre (D:7)
  4 centaurs
  2 phantoms
  3 kobold brigands
  6 bullfrogs
  5 scorpions
  5 necrophages
  6 wights
  5 howler monkeys
  2 electric eels (Lair:1)
  6 hounds
  A jelly (D:4)
  4 orc priests
  2 human zombies (Ossuary)
  Ijyb (D:5)
  7 orc wizards
  2 iguanas
  5 mummies (Ossuary)
  2 gnolls (D:4)
  10 adders
  A shadow imp (D:6)
  A white imp (D:5)
  2 worms (D:2)
  A dart slug (D:4)
  15 orcs
  10 endoplasms
  2 giant cockroaches
  4 goblins
  8 hobgoblins
  2 jackals (Sewer)
  2 quokkas
  9 ball pythons
  4 bats
  2 frilled lizards
  A hobgoblin zombie (Ossuary)
  23 kobolds
  2 kobold zombies (Ossuary)
  3 orc zombies (Ossuary)
  4 rats
221 creatures vanquished.

Vanquished Creatures (others)
  17 fungi (D:8)
  22 plants (D:8)
39 creatures vanquished.

Grand Total: 260 creatures vanquished

Notes
Turn   | Place    | Note
-------+----------+-------------------------------------------
     0 | D:1      | holysushi the Octopode Monk began the quest for the Orb.
     0 | D:1      | Reached XP level 1. HP: 16/16 MP: 1/1
    69 | D:1      | Reached XP level 2. HP: 21/21 MP: 2/2
   571 | D:2      | Found a faded altar of an unknown god.
   832 | D:2      | Reached XP level 3. HP: 26/26 MP: 3/3
  1291 | D:3      | Found Kelag's Assorted Antiques.
  1305 | D:3      | Bought a bubbling green potion for 16 gold pieces
  1305 | D:3      | Bought a scroll labelled POYRCH NEOHOSTO for 18 gold pieces
  1305 | D:3      | Bought a scroll labelled ZEN HYEZOS for 18 gold pieces
  1305 | D:3      | Bought a glowing ruby potion for 16 gold pieces
  1305 | D:3      | Bought a glowing purple potion for 16 gold pieces
  1648 | D:3      | Found Pic Til's Distillery.
  1670 | D:3      | Noticed a wight
  1673 | D:3      | Noticed a wight
  1677 | D:4      | Noticed a black bear
  1682 | D:4      | Reached XP level 4. HP: 29/31 MP: 4/4
  1708 | D:4      | Reached skill level 5 in Short Blades
  1737 | D:4      | Noticed a phantom
  1743 | D:4      | Killed a phantom
  1744 | D:4      | Reached XP level 5. HP: 36/36 MP: 5/5
  1846 | D:4      | Found a sand-covered staircase.
  1980 | Ossuary  | Entered an ossuary
  2028 | Ossuary  | Reached XP level 6. HP: 34/42 MP: 6/6
  2385 | D:4      | Reached XP level 7. HP: 38/46 MP: 7/7
  2721 | D:5      | Entered Level 5 of the Dungeon
  2982 | D:5      | Found a bloodstained altar of Trog.
  3000 | D:5      | Found a transporter.
  3000 | D:5      | Noticed Cyan's ghost (novice AtBe)
  3001 | D:5      | Found a transporter.
  3001 | D:5      | Identified the +4 dire flail of the Spider Nest {freeze,
                  | +Blink rF++ Str-3}
  3021 | D:5      | Noticed Menkaure
  3035 | D:5      | Killed Menkaure
  3036 | D:5      | Reached XP level 8. HP: 22/52 MP: 8/8
  3263 | D:5      | Noticed Ijyb
  3278 | D:5      | Killed Ijyb
  3398 | D:5      | Found a sacrificial altar of Ru.
  3406 | D:5      | Reached skill level 10 in Short Blades
  3492 | D:5      | Reached skill level 1 in Evocations
  3582 | D:6      | Reached skill level 5 in Stealth
  3705 | D:6      | Found a glowing drain.
  3723 | Sewer    | Entered a sewer
  3781 | Sewer    | Noticed Pargi
  3798 | Sewer    | Killed Pargi
  3799 | Sewer    | Reached skill level 4 in Dodging
  3976 | D:6      | Identified the +1 scale mail of the Slorg {Str+3 Dex+3}
  4039 | D:6      | Reached XP level 9. HP: 56/56 MP: 9/9
  4285 | D:6      | Reached skill level 5 in Dodging
  4507 | D:6      | Found a staircase to the Ecumenical Temple.
  4690 | D:3      | Found Juawoj's Antique Armour Boutique.
  4797 | D:3      | Found Gicofych's Antique Weapon Shop.
  4812 | D:3      | Noticed Sigmund
  4819 | D:3      | Killed Sigmund
  4820 | D:3      | Reached skill level 6 in Dodging
  5077 | D:7      | Found Ifoanleq's Jewellery Shop.
  5347 | D:7      | Reached skill level 7 in Dodging
  5406 | D:7      | Found an iron altar of Okawaru.
  5627 | D:7      | Reached skill level 8 in Dodging
  5660 | D:7      | Found a shimmering altar of Xom.
  6396 | D:7      | Found an iron altar of Okawaru.
  6432 | D:7      | Found Ifoanleq's Jewellery Shop.
  6483 | D:7      | Found a shimmering altar of Xom.
  7257 | Temple   | Entered the Ecumenical Temple
  7450 | Temple   | Became a worshipper of Gozag Ym Sagoz the Greedy
  7563 | D:8      | Found a staircase to the Lair.
  7604 | D:8      | Reached skill level 9 in Dodging
  7604 | D:8      | Reached XP level 10. HP: 52/63 MP: 10/10
  7835 | D:8      | Reached skill level 10 in Dodging
  7931 | D:8      | Found a shimmering blue altar of Sif Muna.
  7972 | D:8      | Found Onebremi's Neck Hole.
  8399 | D:8      | Identified 2 scrolls of acquirement
  8399 | D:8      | Acquired a +1 quick blade of electrocution
  8403 | D:8      | Acquired the +2 buckler of Hairiness {rPois Slay+3 Stlth+}
  8463 | D:9      | Noticed a two-headed ogre
  8474 | D:9      | Killed a two-headed ogre
  8475 | D:9      | Reached skill level 11 in Dodging
  8643 | D:9      | Noticed a two-headed ogre
  8650 | D:9      | Killed a two-headed ogre
  8651 | D:9      | Reached skill level 12 in Dodging
  8730 | D:9      | Found a stormy altar of Qazlal.
  8819 | D:9      | Reached XP level 11. HP: 67/67 MP: 11/11
  9011 | D:9      | Found a glowing golden altar of the Shining One.
  9063 | Lair:1   | Entered Level 1 of the Lair of Beasts
  9230 | Lair:1   | Bought a potion of heal wounds for 75 gold pieces
  9297 | Lair:1   | Reached skill level 13 in Dodging
  9314 | Lair:1   | Found a transporter.
  9331 | Lair:1   | Noticed Zvl3's ghost (journeyman TeAE)
  9335 | Lair:1   | Found a transporter.
  9560 | Lair:1   | Reached skill level 10 in Stealth
  9965 | Lair:2   | Found a hole to the Spider Nest.
  9965 | Lair:2   | Noticed a pharaoh ant
  9975 | Lair:2   | Slain by a pharaoh ant

Illustrated notes

Levels and vault maps discovered:
D:1:      wander_arrival_lonely_grave, layout_loops_cross, feat_on_display
D:2:      layout_loops_ring, nicolae_ecumenical_oubliette,
          chequers_serial_rivers_small_3
D:3:      layout_loops_cross, serial_shops, nicolae_square_shop, shop,
          nicolae_shop_behind_doors, shop, uniq_sigmund
D:4:      layout_loops_ring, nicolae_ossuary_entry_plus, minmay_distorted
D:5:      layout_rooms, mainiacjoe_overflow_alcove_2, lightli_temple_of_fire,
          gammafunk_ghost_smash, uniq_menkaure, uniq_ijyb
D:6:      layout_loops_cross, minmay_temple_entry_glassed_door,
          cheibrodos_sewer_entry_drain
D:7:      layout_basic, tgw_xom, mainiacjoe_overflow_tiny_flanked, serial_shops,
          nicolae_stop_n_shop_1
D:8:      layout_cave_pools, mainiacjoe_overflow_cross_hatched,
          due_lair_maze_entry_diamond, kennysheep_cross_room,
          nicolae_shop_sticking_my_neck_out
D:9:      layout_rooms, kennysheep_little_box, general_overflow_altar
Temple:   bh_familiar_temple
Lair:1:   layout_small_grid, gammafunk_ghost_arena, grunt_megastairs_2,
          lemuel_fruit_fields, lemuel_fruit_tree, serial_bayou_shore_a,
          infiniplex_staircase_pool_2
Lair:2:   layout_long_grid, minmay_swamp_entry_eels,
          nicolae_spider_entry_lesser_pyramids, grunt_megastairs_1

Skill      XL: |  1  2  3  4  5  6  7  8  9 10 11 |
---------------+----------------------------------+-----
Short Blades   | 4 5 6 7 9 10 | 10.0
Stealth        | 3 4 6 10 | 10.0
Evocations     | 3 4 |  4.0
Dodging        | 4 9 12 13 | 13.5
Fighting       | |  3.2
Shields        | |  0.5

Action                     |  1- 3 |  4- 6 |  7- 9 | 10-12 || total
---------------------------+-------+-------+-------+-------++-------
  Melee: Short sword       |    51 |       |       |       ||    51
         Constrict         |    16 |    17 |    43 |    32 ||   108
         Tentacles         |    22 |    22 |    80 |    70 ||   194
         Punch             |     2 |     3 |     5 |     7 ||    17
         Dagger            |    30 |    83 |   290 |   102 ||   505
         Quick blade       |       |       |       |   130 ||   130
 Invoke: Call Merchant     |       |       |       |     1 ||     1
  Evoke: Wand              |       |       |     1 |     4 ||     5
    Use: Scroll            |     5 |     7 |     4 |     6 ||    22
         Potion            |       |     2 |     1 |     1 ||     4
   Stab: Sleeping          |     8 |     7 |    23 |    20 ||    58
         Distracted        |       |     1 |     1 |     3 ||     5
         Paralysed         |       |       |       |     2 ||     2
 Armour: Skin              |     8 |     2 |     3 |     5 ||    18
  Dodge: Dodged            |    31 |    15 |    62 |    81 ||   189
  Block: Buckler           |     6 |     6 |    30 |    21 ||    63

Table legend: (Time is in decaauts)
 A = Elapsed time spent in this place.
 B = Non-inter-level travel time spent in this place.
 C = Inter-level travel time spent in this place.
 D = Time resting spent in this place.
 E = Time spent auto-exploring this place.
 F = Levels seen in this place.
 G = Mean time per level.
                   A        B        C        D        E       F      G
               +--------+--------+--------+--------+--------+-----+--------+
         Total |   9535 |   8998 |    537 |    892 |   6150 |  14 |  681.1 |
       Dungeon |   8049 |   7578 |    471 |    763 |   5224 |   9 |  894.3 |
        Temple |    221 |    167 |     54 |      0 |    162 |   1 |  221.0 |
          Lair |    860 |    848 |     12 |     57 |    635 |   2 |  430.0 |
         Sewer |    171 |    171 |      0 |     63 |     31 |   1 |  171.0 |
       Ossuary |    233 |    233 |      0 |      9 |     98 |   1 |  233.0 |
               +--------+--------+--------+--------+--------+-----+--------+

Top non-repeatable levels by time:
     D:7: 2058 daAuts
     D:6: 1098 daAuts
     D:4: 810 daAuts
     D:8: 761 daAuts
     D:3: 760 daAuts
  Lair:1: 754 daAuts
     D:5: 745 daAuts
     D:2: 647 daAuts
     D:1: 607 daAuts
     D:9: 560 daAuts
 Ossuary: 233 daAuts
  Temple: 221 daAuts
   Sewer: 171 daAuts
  Lair:2: 106 daAuts
